Map: Emerald City LE

Players

NickWarhead

  • Race: Protoss Protoss
  • Spawn Location: 11:00

Hudiker

  • Race: Zerg Zerg
  • Spawn Location: 11:00

Massa - Winner!

  • Race: Terran Terran
  • League: Gold
  • Spawn Location: 5:00

qqq - Winner!

  • Race: Protoss Protoss
  • League: Platinum
  • Spawn Location: 5:00

VOD

Have the link to the VOD?

Description

Time

  • Played on: July 29, 2020, 11:10 a.m.
  • Length: 11:19
Show
View Real Time Build Order
Export as new Build Order

NickWarhead Protoss 

Build Orders: Carriers 

Get SALT Encoding   

  12  0:01  Probe  
  13  0:16  Probe  
  13  0:20  Pylon  
  15  0:42  Probe  
  15  0:43  Gateway  
  15  0:46  Assimilator  
  15  0:54  Probe  
  16  1:02  Pylon  
  16  1:07  Probe  
  17  1:20  Probe  
  18  1:26  Gateway  
  18  1:29  Assimilator  
  18  1:32  Probe  
  19  1:35  Cybernetics Core  
  19  1:53  Probe  
  20  2:06  Warp Gate (Chrono Boost)  
  20  2:08  Probe  
  21  2:21  Probe  
  22  2:33  Probe  
  22  2:34  Nexus, Stalker (Chrono Boost)  
  24  2:54  Probe  
  25  3:13  Probe  
  26  3:26  Probe  
  27  3:38  Probe  
  28  3:49  Probe  
  28  3:51  Probe  
  28  3:55  Pylon  
  30  3:59  Gateway  
  30  4:01  Probe, Gateway  
  31  4:03  Probe  
  32  4:15  Stargate  
  32  4:20  Probe  
  32  4:21  Probe  
  34  4:28  Pylon  
  34  4:31  Pylon  
  34  4:33  Pylon, Stalker  
  34  4:34  Zealot  
  38  4:44  Assimilator  
  38  4:48  Assimilator  
  38  4:50  Stargate  
  38  4:59  Fleet Beacon  
  38  5:05  Forge  
  38  5:08  Probe x2  
  38  5:14  Shield Battery  
  40  5:20  Probe x2  
  42  5:32  Probe x2  
  44  5:40  Photon Cannon  
  44  5:44  Probe x2  
  44  5:47  Photon Cannon, Carrier (Chrono Boost)  
  52  5:56  Pylon  
  52  5:58  Probe x2  
  60  6:19  Stalker  
  60  6:22  Stalker  
  60  6:23  Carrier (Chrono Boost)  
  64  6:30  Shield Battery  
  64  6:46  Probe x2  
  66  6:50  Photon Cannon  
  66  6:54  Photon Cannon  
  66  6:58  Probe x2  
  68  7:04  Carrier  
  68  7:06  Shield Battery  
  74  7:19  Protoss Shields Level 1 (Chrono Boost)  
  74  7:22  Stargate  
  74  7:30  Protoss Air Weapons Level 1 (Chrono Boost)  
  74  7:31  Pylon  
  74  7:34  Pylon  
  67  8:15  Carrier  
  67  8:16  Carrier  
  67  8:17  Nexus  
  67  8:19  Pylon  
  67  8:23  Pylon  
  67  8:26  Carrier  
  85  8:43  Photon Cannon  
  85  8:47  Photon Cannon  
  85  8:56  Photon Cannon  
  85  8:58  Probe x2  
  87  9:18  Twilight Council  
  87  9:19  Protoss Air Armor Level 1 (Chrono Boost)  
  87  9:23  Tempest  
  86  9:48  Assimilator  
  86  9:53  Shield Battery, Assimilator  
  86  9:54  Shield Battery  
  86  9:57  Probe x3, Tempest (Chrono Boost)  
  89  10:00  Tempest (Chrono Boost)  
  60  11:06  Stalker x3  
  60  11:07  Stalker  
Show
View Real Time Build Order
Export as new Build Order

Hudiker Zerg 

Build Orders: Hatch First, Lurkers 

Get SALT Encoding   

  12  0:00  Drone  
  13  0:13  Overlord  
  13  0:18  Drone  
  14  0:31  Drone x2  
  16  0:36  Drone  
  17  0:55  Hatchery  
  17  0:56  Drone  
  17  1:04  Drone  
  18  1:12  Extractor  
  18  1:18  Drone, Spawning Pool  
  17  1:22  Drone  
  18  1:29  Drone  
  19  1:39  Drone  
  21  1:54  Drone  
  21  1:58  Hatchery  
  21  2:03  Drone  
  22  2:37  Overlord  
  22  2:40  Evolution Chamber  
  22  2:43  Spine Crawler  
  20  2:45  Queen  
  20  2:49  Extractor  
  20  2:50  Zergling x2  
  22  2:55  Zergling x4  
  24  3:17  Queen  
  26  3:21  Queen  
  28  3:28  Zerg Missile Weapons Level 1  
  28  3:29  Drone x3  
  28  3:31  Overlord x2  
  31  3:34  Spore Crawler  
  31  3:35  Drone  
  31  3:40  Metabolic Boost  
  31  4:00  Hatchery  
  30  4:12  Drone x4  
  30  4:13  Drone x4  
  38  4:22  Lair  
  38  4:35  Overlord  
  38  4:44  Baneling Nest  
  38  4:45  Drone x2  
  39  4:47  Zergling x6  
  42  5:01  Drone x4  
  42  5:02  Drone  
  47  5:21  Hydralisk Den  
  46  5:40  Baneling x5  
  46  5:41  Baneling x7  
  46  5:46  Drone x5, Extractor  
  46  5:47  Extractor  
  49  5:53  Drone x7, Spore Crawler  
  49  5:54  Drone x3  
  58  5:57  Zerg Ground Armor Level 1  
  58  6:15  Spore Crawler x2  
  51  6:18  Queen  
  51  6:20  Overlord  
  51  6:21  Overlord x2  
  47  6:49  Drone x2  
  47  6:50  Drone x7  
  56  6:55  Spore Crawler  
  56  6:57  Spore Crawler  
  56  7:00  Drone  
  55  7:05  Overlord  
  55  7:08  Grooved Spines  
  55  7:09  Hydralisk x2  
  55  7:12  Overseer  
  59  7:25  Centrifical Hooks  
  59  7:32  Spore Crawler  
  59  7:34  Drone  
  59  7:35  Drone x7  
  66  7:40  Spore Crawler  
  65  7:45  Queen  
  65  7:46  Overlord  
  66  7:59  Hydralisk x3  
  72  8:20  Hydralisk  
  72  8:21  Hydralisk x7  
  72  8:26  Drone x3  
  91  8:27  Drone  
  92  8:47  Zerg Missile Weapons Level 2  
  92  8:48  Overlord x2  
  92  8:49  Infestation Pit  
  91  8:56  Drone x4, Spore Crawler  
  91  9:01  Extractor  
  91  9:02  Extractor  
  92  9:04  Muscular Augments  
  92  9:16  Hydralisk x3  
  92  9:17  Hydralisk x5  
  108  9:35  Spine Crawler  
  107  9:42  Spine Crawler  
  106  9:58  Lurker Den  
  105  10:01  Drone x3  
  108  10:18  Hydralisk  
  108  10:19  Hydralisk x2  
  108  10:21  Overlord x3  
  114  10:42  Hydralisk x4  
  96  11:01  Lurker x5  
Show
View Real Time Build Order
Export as new Build Order

Massa Terran - Winner!

Build Orders:  

Get SALT Encoding   

  12  0:01  SCV  
  13  0:14  SCV  
  14  0:22  Supply Depot  
  14  0:26  SCV  
  15  0:30  Refinery  
  15  0:44  SCV  
  15  0:47  Barracks  
  16  0:56  SCV  
  17  1:08  SCV  
  18  1:20  SCV  
  20  1:32  SCV  
  20  1:36  Reaper  
  20  1:38  Supply Depot  
  21  1:46  Orbital Command  
  21  1:52  Factory  
  21  2:08  Marine  
  22  2:18  SCV  
  22  2:20  Command Center  
  23  2:30  Refinery  
  23  2:32  SCV  
  24  2:45  Marine  
  25  2:52  Factory Reactor  
  25  3:01  Starport  
  25  3:03  Marine  
  25  3:29  Barracks Tech Lab  
  25  3:31  Widow Mine x2  
  25  3:33  SCV  
  30  3:38  Orbital Command  
  30  3:40  Starport Reactor  
  30  3:45  SCV  
  31  3:50  Barracks  
  31  3:51  Engineering Bay  
  31  3:55  Widow Mine x2  
  35  3:57  SCV  
  35  4:02  Stimpack  
  36  4:07  SCV  
  38  4:10  SCV  
  38  4:16  Marauder  
  40  4:19  SCV, Hellion x2  
  40  4:22  SCV  
  46  4:28  Barracks  
  46  4:35  Supply Depot  
  46  4:41  Barracks Tech Lab  
  46  4:47  Refinery  
  46  4:49  Refinery  
  46  4:57  SCV x2, Marauder, Medivac  
  46  4:59  Terran Infantry Weapons Level 1  
  54  5:07  Marauder  
  54  5:15  Supply Depot  
  54  5:18  Barracks  
  54  5:20  Barracks Reactor  
  54  5:30  Supply Depot  
  54  5:37  SCV x2, Hellion x2, Marauder, Combat Shield  
  54  5:42  Concussive Shells  
  62  5:51  Medivac, Viking  
  62  5:52  SCV x2  
  68  5:57  Supply Depot  
  68  6:02  Marauder  
  70  6:19  SCV x2, Marauder, Marine x2  
  70  6:20  Barracks Tech Lab  
  70  6:23  Marauder  
  78  6:41  Supply Depot x2  
  78  6:53  Terran Infantry Armor Level 1  
  78  7:02  SCV, Marine, Supply Depot  
  78  7:03  SCV, Hellion x2, Marauder x3, Medivac  
  78  7:06  Supply Depot  
  78  7:08  Supply Depot  
  93  7:14  SCV  
  94  7:20  Supply Depot  
  94  7:24  Widow Mine x2, Marauder  
  94  7:25  Marauder  
  94  7:28  Marauder  
  104  7:31  Supply Depot  
  104  7:34  Marine  
  104  7:35  Marine  
  106  7:45  Marauder  
  106  7:46  Marauder  
  106  7:49  Marauder  
  104  8:03  Widow Mine x2  
  108  8:05  Marine  
  108  8:06  Marine  
  108  8:07  Marauder  
  108  8:08  Marauder  
  108  8:10  Marauder  
  116  8:23  Marine  
  116  8:24  SCV x2  
  116  8:25  Widow Mine x2  
  123  8:27  Command Center  
  123  8:36  SCV x2  
  123  8:40  Armory  
  125  8:46  Widow Mine x2  
  129  8:54  Marine  
  129  8:55  Marauder x2  
  134  9:06  Supply Depot x2  
  134  9:07  Engineering Bay  
  134  9:27  SCV, Marine x2, Viking x2  
  134  9:28  SCV, Marauder x2  
  134  9:29  Supply Depot  
  134  9:30  Supply Depot  
  146  9:31  Supply Depot  
  146  9:39  SCV  
  146  9:45  Marine  
  148  9:55  Supply Depot  
  148  10:07  Viking x2  
  148  10:09  Marauder x3, Marine  
  148  10:10  Marine  
  162  10:14  Hellbat  
  162  10:18  Supply Depot  
  162  10:23  Orbital Command  
  162  10:25  SCV x2  
  164  10:30  Marauder  
  164  10:31  Marauder x2  
  170  10:37  SCV x2, Viking x2  
  161  10:52  Marauder  
Show
View Real Time Build Order
Export as new Build Order

qqq Protoss - Winner!

Build Orders: 1 Gate Expand, Phoenix Opening, Mass Phoenix 

Get SALT Encoding   

  12  0:01  Probe  
  13  0:13  Probe  
  14  0:18  Pylon  
  14  0:32  Probe  
  14  0:33  Pylon  
  15  0:44  Probe  
  16  0:53  Gateway  
  16  0:56  Probe  
  17  1:07  Pylon  
  17  1:08  Probe  
  18  1:20  Probe  
  19  1:32  Probe  
  19  1:39  Nexus  
  20  1:45  Probe  
  20  1:46  Assimilator  
  21  1:54  Assimilator  
  21  1:57  Probe  
  22  2:06  Cybernetics Core  
  22  2:09  Probe  
  23  2:21  Probe  
  24  2:33  Probe  
  25  2:45  Probe  
  25  2:51  Stargate  
  26  2:57  Probe  
  26  2:58  Probe  
  28  3:09  Probe  
  28  3:10  Probe  
  30  3:19  Stargate  
  30  3:21  Probe  
  30  3:22  Probe, Assimilator  
  30  3:26  Assimilator  
  32  3:33  Probe  
  33  3:34  Probe  
  34  3:46  Probe x2  
  36  3:51  Phoenix  
  38  3:58  Probe x2  
  40  4:05  Phoenix  
  42  4:10  Probe x2  
  42  4:15  Forge  
  44  4:18  Nexus  
  44  4:20  Protoss Air Weapons Level 1 (Chrono Boost)  
  44  4:22  Probe, Phoenix  
  47  4:29  Probe  
  47  4:30  Phoenix  
  50  4:34  Probe  
  51  4:41  Probe  
  52  4:47  Probe  
  53  4:53  Probe  
  53  4:55  Pylon  
  53  4:57  Pylon  
  54  5:02  Pylon  
  54  5:13  Phoenix x2 (Chrono Boost)  
  58  5:18  Photon Cannon  
  58  5:21  Photon Cannon  
  58  5:26  Photon Cannon  
  58  5:36  Phoenix x2 (Chrono Boost)  
  62  5:53  Phoenix x2, Fleet Beacon  
  62  5:55  Pylon  
  66  6:00  Stargate  
  66  6:03  Probe  
  67  6:15  Probe  
  68  6:27  Probe  
  69  6:39  Probe  
  70  6:45  Shield Battery  
  70  6:47  Shield Battery  
  70  6:48  Pylon  
  70  6:49  Carrier (Chrono Boost)  
  70  6:50  Carrier (Chrono Boost)  
  70  6:51  Probe, Photon Cannon  
  83  6:55  Photon Cannon  
  83  6:56  Anion Pulse-Crystals  
  85  7:03  Probe, Phoenix (Chrono Boost)  
  86  7:15  Probe  
  87  7:23  Carrier  
  87  7:25  Nexus  
  87  7:28  Probe, Pylon  
  94  7:31  Pylon  
  94  7:40  Probe  
  95  7:46  Tempest  
  100  7:52  Probe  
  101  8:04  Probe  
  98  8:11  Tempest  
  103  8:16  Probe  
  103  8:19  Photon Cannon  
  104  8:21  Photon Cannon  
  104  8:25  Photon Cannon  
  104  8:26  Tempest  
  104  8:28  Probe, Photon Cannon  
  104  8:30  Tempest  
  115  8:36  Assimilator  
  115  8:40  Probe x2, Assimilator  
  117  8:52  Probe  
  117  8:53  Probe  
  117  8:55  Robotics Facility  
  119  9:04  Probe  
  119  9:05  Probe  
  119  9:07  Stargate  
  119  9:09  Pylon  
  121  9:13  Pylon  
  121  9:16  Probe, Pylon  
  123  9:17  Probe  
  123  9:20  Assimilator  
  123  9:24  Tempest, Assimilator  
  123  9:28  Probe  
  127  9:46  Tempest  
  127  9:47  Carrier  
  127  9:52  Observer  
  139  10:06  Nexus  
  139  10:09  Probe  
  139  10:10  Probe, Pylon  
  139  10:12  Pylon  
  141  10:14  Pylon  
  141  10:16  Pylon  
  141  10:18  Pylon  
  141  10:20  Pylon  
  147  10:21  Probe  
  147  10:23  Probe  
  149  10:29  Tempest  
  149  10:33  Probe  
  149  10:35  Probe  
  156  10:44  Photon Cannon  
  156  10:45  Probe, Photon Cannon  
  156  10:47  Probe, Photon Cannon  
  156  10:49  Photon Cannon  
  158  10:50  Photon Cannon  
  158  10:52  Photon Cannon  
  158  10:54  Shield Battery  
  158  10:56  Shield Battery  
  136  10:57  Probe, Shield Battery  
  136  10:59  Probe  
Tags
 
Add a new tag
Caveats
  • Supply blocks, unpowered buildings, or Contaminate may cause inaccurate times.
  • Supply counts are checked every 10 seconds.